 Dungeon Crawl Stone Soup version 0.20.1-1-g8b1a95d (webtiles) character file.

8339 KingStallion the Protected (level 11, -8/133 HPs)
             Began as a Barachi Berserker on Oct 23, 2017.
             Was a Priest of Trog.
             Killed from afar by an ice dragon (41 damage)
             ... with a blast of cold
             ... in an ice cave.
             The game lasted 00:26:23 (6843 turns).

KingStallion the Protected (Barachi Berserker)      Turns: 6843, Time: 00:26:24

Health: -8/133     AC: 23    Str: 28    XL:     11   Next: 29%
Magic:  15/15      EV:  9    Int:  8    God:    Trog [***...]
Gold:   597        SH:  9    Dex: 12    Spells: 10/10 levels left

rFire    . . .     SeeInvis .   a - +2 whip (elec)
rCold    . . .     Gourm    .   x - +0 buckler
rNeg     . . .     Faith    .   q - +0 plate armour
rPois    .         Spirit   .   p - +0 helmet
rElec    .         Reflect  +   w - +0 cloak {+Inv}
rCorr    .         Harm     .   n - +0 pair of gloves
MR       ++...                  u - +0 pair of boots
Stlth    ..........             l - +4 amulet of reflection
Regen    1.4/turn               B - +2 ring of protection
MPRegen  0.2/turn               K - +2 ring of strength

@: berserking (expiring), regenerating, quick
A: +LOS, swims, slowness 1, strong legs 1
a: Hop, Berserk, Trog's Hand, Burn Spellbooks, Renounce Religion, Evoke
Invisibility


You were in an ice cave.
You worshipped Trog.
Trog was most pleased with you.
You were not hungry.

You visited 1 branch of the dungeon, and saw 9 of its levels.
You also visited: Ossuary and Ice Cave.

You collected 597 gold pieces.

Inventory:

Hand Weapons
 a - a +2 whip of electrocution (weapon)
 b - a +1 antimagic war axe
 G - a +2 whip of electrocution
Armour
 n - a +0 pair of gloves (worn)
 p - a +0 helmet (worn)
 q - a +0 plate armour (worn)
 u - a +0 pair of boots (worn)
 w - a +0 cloak of invisibility (worn)
 x - a +0 buckler (worn)
Jewellery
 l - a +4 amulet of reflection (around neck)
 B - a +2 ring of protection (left hand)
 J - an uncursed amulet of guardian spirit {unknown}
 K - a +2 ring of strength (right hand)
Wands
 z - a wand of confusion (7/48)
 A - a wand of flame (29/48)
Scrolls
 i - 5 scrolls of teleportation
 m - 7 scrolls of identify
 o - 3 scrolls of enchant armour
 t - 5 scrolls of remove curse
 y - 3 scrolls of magic mapping
 D - a scroll of recharging
 E - a scroll of fear
Potions
 e - 5 potions of agility
 j - a potion of flight
 k - 5 potions of curing
 r - a potion of resistance {unknown}
 s - 2 potions of heal wounds {unknown}
 v - a potion of lignification {unknown}
 C - a potion of mutation {unknown}
 H - 2 potions of brilliance
 I - a potion of ambrosia {unknown}
 N - a potion of magic {unknown}
Books
 F - a book of Necromancy

   Spells                             Type                      Level
   a - Pain                           Necromancy                   1
   b - Animate Skeleton               Necromancy                   1
   c - Vampiric Draining              Necromancy                   3
   d - Regeneration                   Charms/Necromancy            3
   e - Animate Dead                   Necromancy                   4
   f - Control Undead                 Necromancy                   4
   Trog disapproves of the use of such an item.
 L - a book of Cantrips

   Spells                             Type                      Level
   a - Confusing Touch                Hexes                        1
   b - Animate Skeleton               Necromancy                   1
   c - Summon Small Mammal            Summoning                    1
   d - Apportation                    Translocation                1
   Trog disapproves of the use of such an item.
Miscellaneous
 h - a lightning rod (4/4)
Comestibles
 c - a bread ration
 d - 7 fruits
 f - 3 meat rations
 g - a royal jelly


   Skills:
 * Level 9.5 Fighting
 + Level 4.2(7.4) Axes
 + Level 9.4(9.9) Maces & Flails
 * Level 11.6 Armour
 + Level 3.3 Dodging
 + Level 1.3 Stealth
 + Level 5.8 Shields
 * Level 5.9 Evocations


You had 10 spell levels left.
You didn't know any spells.

Dungeon Overview and Level Annotations

Branches:
Dungeon (11/15)
 Temple: D:4-7         Lair: D:8-11         Orc: D:9-12

Altars:
Ashenzari
Dithmenos
Fedhas
Nemelex Xobeh
Okawaru
Ru
Trog

Annotations:
D:2 exclusion: oklob plant


Innate Abilities, Weirdness & Mutations

Shadows flee at your approach. (+LOS)
You can swim through water.
You cover ground slowly.
You can hop short distances.


Message History

The ice dragon is almost dead.
The ice dragon bites you.
* * * LOW HITPOINT WARNING * * *
The ice dragon barely misses you. You block the ice dragon's attack.
You hit the ice dragon.
Lightning courses through the ice dragon!
You feel the power of Trog in you as your rage grows.
You kill the ice dragon!
Trog accepts your kill.
You feel the effects of Trog's Hand fading.
You feel a strong urge to attack something.
You hit the ice dragon.
Lightning courses through the ice dragon!
The ice dragon is lightly wounded.
You hit the ice dragon.
Lightning courses through the ice dragon!
The ice dragon is moderately wounded.
The ice dragon breathes frost at you. The blast of cold hits you!
You die...

########
####......#
##....@D#...D.#
#...##.## .D..
#####..### ..
#...##.#
##.#....#
##..###.##
####..## ###
####....##
#......##


You could see an ice dragon.

Vanquished Creatures
  2 ice dragons
  Pikel (D:6)
  An ugly thing (D:10)
  A rime drake (IceCv)
  3 polar bears (D:11)
  Grinder (D:6)
  Sigmund (D:3)
  3 yaks (D:11)
  Menkaure (Ossuary)
  An acid dragon (D:10)
  3 ogres
  11 ice beasts
  A wolf (D:11)
  A centaur (D:6)
  Blork the orc (D:5)
  2 elf zombies (Ossuary)
  3 bullfrogs
  A water moccasin zombie (D:10)
  4 crimson imps
  3 centaur zombies (Ossuary)
  A bullfrog zombie (D:10)
  A jelly (D:6)
  2 hounds
  A human zombie (Ossuary)
  Crazy Yiuf (D:3)
  2 orc priests
  2 centaur skeletons (D:5)
  3 orc wizards
  2 iguanas
  5 worker ants
  2 ogre zombies (Ossuary)
  A hound skeleton (D:6)
  6 mummies (Ossuary)
  Robin (D:3)
  A worker ant zombie (D:10)
  8 adders
  A shadow imp (D:6)
  2 oozes (D:1)
  2 adder skeletons
  2 worms (D:2)
  2 dart slugs
  3 leopard geckos
  17 orcs
  4 ball pythons
  3 bats
  6 giant cockroaches
  A gnoll zombie (Ossuary)
  14 goblins
  7 hobgoblins
  13 jackals
  5 kobolds
  2 quokkas
  7 frilled lizards
  4 goblin zombies (Ossuary)
  4 hobgoblin zombies (Ossuary)
  2 kobold zombies (Ossuary)
  8 quokka zombies (Ossuary)
  5 rats
  3 rat zombies (Ossuary)
  A plant (D:2)
202 creatures vanquished.

Vanquished Creatures (collateral kills)
  Urug (D:11)
  2 ice statues (IceCv)
  A rime drake (IceCv)
  A troll (D:11)
  A shadow (D:11)
  A sky beast (D:10)
  6 ice beasts (IceCv)
  An orc (D:11)
  A kobold (D:11)
15 creatures vanquished.

Vanquished Creatures (others)
  A slave (D:6)
  A centaur (D:5)
  A bullfrog (D:6)
  A crimson imp (D:6)
  A bullfrog zombie (D:6)
5 creatures vanquished.

Grand Total: 222 creatures vanquished

Notes
Turn   | Place    | Note
-------+----------+-------------------------------------------
     0 | D:1      | KingStallion the Barachi Berserker began the quest for the Orb.
     0 | D:1      | Reached XP level 1. HP: 18/18 MP: 1/1
    98 | D:1      | Reached XP level 2. HP: 12/25 MP: 2/2
   555 | D:1      | Reached XP level 3. HP: 30/30 MP: 3/3
  1184 | D:2      | Reached skill level 3 in Armour
  1184 | D:2      | Reached XP level 4. HP: 38/38 MP: 4/4
  1286 | D:2      | Found a sacrificial altar of Ru.
  1394 | D:2      | Reached ** piety under Trog
  1448 | D:2      | Found a blossoming altar of Fedhas.
  1460 | D:2      | Noticed an oklob plant
  1727 | D:3      | Noticed Robin
  1739 | D:3      | Killed Robin
  1746 | D:3      | Reached XP level 5. HP: 40/43 MP: 5/5
  1782 | D:3      | Reached skill level 5 in Fighting
  1884 | D:3      | Found an iron altar of Okawaru.
  1886 | D:3      | Reached skill level 1 in Maces & Flails
  1994 | D:3      | Found a runed door.
  2152 | D:3      | Noticed Sigmund
  2172 | D:3      | Killed Sigmund
  2172 | D:3      | Reached *** piety under Trog
  2172 | D:3      | Reached skill level 4 in Armour
  2172 | D:3      | Reached XP level 6. HP: 42/51 MP: 6/6
  2344 | D:3      | Reached skill level 1 in Stealth
  2669 | D:3      | Noticed Crazy Yiuf
  2682 | D:3      | Killed Crazy Yiuf
  2893 | D:4      | Reached XP level 7. HP: 57/57 MP: 7/7
  2983 | D:4      | Reached skill level 5 in Armour
  3143 | D:5      | Entered Level 5 of the Dungeon
  3168 | D:5      | Found a sparkling altar of Nemelex Xobeh.
  3349 | D:5      | Found a bloodstained altar of Trog.
  3352 | D:5      | Reached skill level 1 in Evocations
  3410 | D:5      | Reached skill level 6 in Armour
  3455 | D:5      | Reached XP level 8. HP: 52/64 MP: 9/9
  3545 | D:5      | Reached skill level 5 in Maces & Flails
  3584 | D:5      | Found a shattered altar of Ashenzari.
  3584 | D:5      | Found an iron altar of Okawaru.
  3742 | D:5      | Noticed Blork the orc
  3750 | D:5      | Killed Blork the orc
  4105 | D:6      | Reached skill level 7 in Armour
  4132 | D:6      | Found a shadowy altar of Dithmenos.
  4183 | D:6      | Found a sand-covered staircase.
  4191 | Ossuary  | Entered an ossuary
  4279 | Ossuary  | Reached **** piety under Trog
  4330 | Ossuary  | Noticed Menkaure
  4335 | Ossuary  | Killed Menkaure
  4335 | Ossuary  | Reached skill level 1 in Shields
  4335 | Ossuary  | Reached XP level 9. HP: 60/72 MP: 11/11
  4468 | Ossuary  | Reached skill level 8 in Armour
  4684 | D:6      | Noticed Pikel
  4703 | D:6      | Killed Pikel
  4746 | D:6      | Noticed Grinder
  4746 | D:6      | Paralysed by Grinder for 2 turns
  4766 | D:6      | Killed Grinder
  5136 | D:7      | You fall through a shaft for 3 floors!
  5136 | D:10     | Entered Level 10 of the Dungeon
  5275 | D:10     | Reached ***** piety under Trog
  5380 | D:10     | Noticed a purple ugly thing
  5388 | D:10     | Reached skill level 9 in Armour
  5411 | D:10     | Killed a purple ugly thing
  5411 | D:10     | Reached XP level 10. HP: 23/82 MP: 13/13
  5879 | D:10     | You fall through a shaft!
  5934 | D:11     | Noticed Urug
  5951 | D:11     | Reached skill level 5 in Evocations
  5960 | D:11     | Killed Urug
  5994 | D:11     | Found a frozen archway.
  5995 | D:11     | Noticed an ice dragon
  6020 | D:11     | Reached skill level 10 in Armour
  6056 | D:11     | Killed an ice dragon
  6106 | IceCv    | Entered an ice cave
  6113 | IceCv    | Reached skill level 5 in Shields
  6247 | IceCv    | Reached skill level 11 in Armour
  6247 | IceCv    | Reached XP level 11. HP: 73/89 MP: 15/15
  6821 | IceCv    | Noticed an ice dragon
  6822 | IceCv    | Noticed an ice dragon
  6838 | IceCv    | Killed an ice dragon
  6843 | IceCv    | Killed from afar by an ice dragon

Skill      XL: |  1  2  3  4  5  6  7  8  9 10 |
---------------+-------------------------------+-----
Fighting       | 4 5 7 8 9 |  9.5
Axes           | 4 |  4.2
Armour         | 3 4 6 7 9 11 | 11.6
Maces & Flails | 2 3 4 6 7 9 |  9.4
Stealth        | 1 |  1.3
Evocations     | 1 3 4 5 |  5.9
Dodging        | 3 |  3.3
Shields        | 1 3 5 |  5.8

Action                   |  1- 3 |  4- 6 |  7- 9 | 10-12 || total
-------------------------+-------+-------+-------+-------++-------
Melee: Hand axe          |    44 |       |       |       ||    44
       Whip              |    29 |   193 |   378 |   175 ||   775
Invok: Trog's Hand       |       |     1 |     4 |     5 ||    10
       Berserk           |       |       |     1 |     2 ||     3
       Brothers in Arms  |       |       |       |     5 ||     5
 Abil: Hop               |       |       |       |     1 ||     1
       Evoke Invisibilit |       |       |       |     1 ||     1
Evoke: Wand              |       |       |     2 |     1 ||     3
  Use: Potion            |     4 |       |       |       ||     4
       Scroll            |     6 |     1 |     6 |     1 ||    14
 Stab: Invisible         |       |       |       |     2 ||     2
  Eat: Chunk             |     1 |     6 |     6 |     3 ||    16
       Fruit             |       |     1 |     2 |       ||     3
       Bread ration      |       |       |     1 |     2 ||     3
Armor: Animal skin       |     3 |       |       |       ||     3
       Chain mail        |    43 |    58 |       |       ||   101
       Plate armour      |       |    94 |   141 |    65 ||   300
Dodge: Dodged            |    42 |    66 |    78 |    44 ||   230
Block: Other             |     5 |    31 |    23 |       ||    59
       Reflection        |       |       |     3 |     1 ||     4
       Buckler           |       |       |    58 |    57 ||   115
